 Dungeon Crawl Stone Soup version 0.25.1-11-g244df3a29b (webtiles) character file.

Game seed: 15000353339681182999

51 DeepDeath the Sneak (level 3, 0/24 HPs)
             Began as an Octopode Assassin on Feb 8, 2024.
             Succumbed to a worker ant's poison
             ... on level 2 of the Dungeon.
             The game lasted 00:02:53 (974 turns).

DeepDeath the Sneak (Octopode Assassin)              Turns: 974, Time: 00:02:54

Health: 0/24       AC:  1    Str: 11    XL:     3   Next: 81%
Magic:  3/3        EV: 17    Int: 13    God:
Gold:   47         SH:  0    Dex: 13    Spells: 2/2 levels left

rFire    . . .     SeeInvis .   a - +2 dagger
rCold    . . .     Gourm    .   (no shield)
rNeg     . . .     Faith    .   (helmet restricted)
rPois    .         Spirit   .   (no amulet)
rElec    .         Reflect  .   f - ring of teleportation (curse)
rCorr    .         Harm     .   g - +4 ring of evasion
MR       .....     Rnd*Tele +   (no ring)
Stlth    +++++.....             (no ring)
HPRegen  0.08/turn              (no ring)
MPRegen  0.08/turn              (no ring)
                                (no ring)
                                (no ring)

@: lethally poisoned (0 -> -5), flying
A: almost no armour, stealthy swim, amphibious, 8 rings, constrict 8, camouflage
2, high mp 2, gelatinous body 1
a: no special abilities


You were on level 2 of the Dungeon.
You were not hungry.

You visited 1 branch of the dungeon, and saw 2 of its levels.

You collected 47 gold pieces.

Inventory:

Hand Weapons
 a - a +2 dagger (weapon)
 l - a +0 short sword
Missiles
 e - 40 bolts
 h - 71 stones
 D - 26 poisoned darts (quivered)
 Z - 2 curare-tipped darts
Jewellery
 f - a cursed ring of teleportation (left tentacle)
 g - a +4 ring of evasion (right tentacle)
Scrolls
 b - 2 scrolls of remove curse
 c - a scroll of fog {unknown}
 i - a scroll of magic mapping {unknown}
 k - a scroll of teleportation {unknown}
 n - a scroll of random uselessness {unknown}
Potions
 j - a potion of mutation
Comestibles
 d - 6 rations


   Skills:
 - Level 2.0 Fighting
 * Level 3.4 Short Blades
 - Level 2.0 Throwing
 - Level 1.0 Dodging
 + Level 6.0 Stealth


You had 2 spell levels left.
You didn't know any spells.
Your spell library was empty.

Dungeon Overview and Level Annotations

Branches:
Dungeon (2/15)

Altars:


Innate Abilities, Weirdness & Mutations

You cannot wear most types of armour.
You are very stealthy in the water. (Stealth+)
You are amphibious.
You can wear up to eight rings at the same time.
You can use your tentacles to constrict eight enemies at once.
Your skin blends seamlessly with your surroundings (Stealth++).
Your rubbery body absorbs attacks. (AC +1, EV +1)
You have a considerably increased reservoir of magic. (+20% MP)


Message History

You constrict the orc, but do no damage.
The orc hits you.
* * * LOW HITPOINT WARNING * * *
You hit the orc.
The orc is heavily wounded.
You constrict the orc, but do no damage.
* * * LOW HITPOINT WARNING * * *
You feel sick.
It was a potion of flight.
You feel very buoyant.
You fly up into the air.
You constrict the orc. The orc barely misses you.
Unknown command.
You hit the orc but do no damage.
The orc is severely wounded.
You constrict the orc.
You kill the orc!
* * * LOW HITPOINT WARNING * * *
You feel sick.
Unknown command.
You die...

......# .....# .$..#
.# ...# .h.. #..#
..h...###..# #######
.h.........##......#
......###.#.....#
..........#.@[..#
.g....#####.....#
..... #.....# ...g
#....## .<. ###.##
.g .. . .#. #.


There were no monsters in sight!

Vanquished Creatures
  A worker ant (D:2)
  A dart slug (D:1)
  An orc (D:2)
  A giant cockroach (D:1)
  5 goblins
  2 hobgoblins (D:1)
  2 bats
  8 kobolds
  4 rats
25 creatures vanquished.

Notes
Turn   | Place    | Note
-------+----------+-------------------------------------------
     0 | D:1      | DeepDeath the Octopode Assassin began the quest for the
                  | Orb.
     0 | D:1      | Reached XP level 1. HP: 14/14 MP: 1/1
   147 | D:1      | Reached XP level 2. HP: 19/19 MP: 2/2
   871 | D:2      | Reached XP level 3. HP: 20/24 MP: 3/3
   961 | D:2      | Reached skill level 6 in Stealth
   963 | D:2      | Gained mutation: Your skin blends seamlessly with your
                  | surroundings (Stealth++). [potion of mutation]
   963 | D:2      | Gained mutation: You have an increased reservoir of magic.
                  | (+10% MP) [potion of mutation]
   963 | D:2      | Gained mutation: You have a considerably increased
                  | reservoir of magic. (+20% MP) [potion of mutation]
   971 | D:2      | HP: 1/24 [poisoned by a worker ant]
   974 | D:2      | Succumbed to a worker ant's poison

Illustrated notes

Levels and vault maps discovered:
D:1:      ebering_trefoil_3fold, layout_basic
D:2:      layout_basic, nicolae_dithmenos_through_a_glass_darkly

Skill      XL: |  1  2  3 |
---------------+----------+-----
Short Blades   | 3 |  3.4
Stealth        | 6 |  6.0
Fighting       | |  2.0
Throwing       | |  2.0
Dodging        | |  1.0

Action                   || total
-------------------------++-------
Melee: Dagger            ||    46
       Constrict         ||     8
       Tentacles         ||     6
  Use: Scroll            ||     1
       Potion            ||     2
 Stab: Sleeping          ||    10
       Distracted        ||     1
Armor: Skin              ||     1
Dodge: Dodged            ||    18
